Tolliver Groat, neutral female gnomish Tourist -.- -...| |....--- --.--*..| .......|...|---.--## ....-- |.@a- .....- --dI #.%....| |I% ..)|%...-- . ...---....| . .......| ------ ........... ......... #... ... #. .. . Tolliver Groat the Sightseer Experience level: 5 Strength: 13 Dexterity: 11 Constitution: 17 Intelligence: 10 Wisdom: 10 Charisma: 17 Health: 0(41) Energy: 26(26) Def: 0 Gold: 601 Moves: 2092 Dungeon seed: Jj2reFzpsdQKMHsJ Game ID: Tolliver Groat_1529561574 Your Inventory: Coins $ - 601 gold pieces Weapons a - 44 uncursed +2 darts (in quiver) j - an uncursed +2 aklys (weapon in hand) L - a cursed -1 elven dagger X - 10 uncursed +0 darts Z - a blessed +0 elven dagger Armor k - an uncursed burnt +0 Hawaiian shirt (being worn) q - an uncursed +0 elven mithril-coat Comestibles b - 7 uncursed food rations d - 3 uncursed cream pies g - an uncursed fortune cookie t - 3 uncursed sprigs of wolfsbane Rings R - a cursed ring of teleportation Wands l - an uncursed wand of secret door detection (0:11) Tools c - an uncursed oil lamp (0:1081) e - an uncursed credit card n - an uncursed expensive camera (0:47) w - an uncursed sack x - an uncursed towel W - an uncursed mirror Contents of the sack: a [uncursed] scroll of blank paper a [blessed] scroll of destroy armor a [uncursed] scroll of identify 3 uncursed scrolls of magic mapping 2 [uncursed] potions of confusion a [uncursed] potion of gain ability a [blessed] potion of gain level a [blessed] potion of healing a [uncursed] potion of speed a potion of unholy water named !u a [uncursed] potion of water named u Spells and supernatural/magical abilities: Name Level Category Fail Memory W - pray for help -- divine ? -- Your skills at the end: Miscellaneous Skills wands [Basic] stealth [Skilled] Weapon Skills club [Basic] dart [Basic] Spellcasting Skills Final Attributes: You were devoutly aligned. You were telepathic. You had infravision. You were very stealthy. You are dead. Vanquished creatures: a fog cloud 2 puppies a floating eye a kitten a jitterbug a giant bat 6 killer bees 3 gas spores 2 hobbits 2 geckos 3 hobgoblins 3 yellow molds a gnome zombie 4 jackals 2 kobolds 7 newts 2 goblins 2 grid bugs a bat 5 lichens 2 kobold zombies 52 creatures vanquished. Voluntary challenges: You did not cause conflict. You were not invisible. You did not have reflection. You were not displaced. You had been an atheist until turn 1987. You used a wielded weapon 50 times, starting on turn 116. You did not apply a unicorn horn. You did not use plumbed fixtures. You were illiterate. You never genocided any monsters. You never polymorphed an object. You never changed form. You used no wishes. You never split a pudding. You never wrote Elbereth's name. You never violated your personal moral code. Dungeon overview: The Dungeons of Doom: levels 1 to 4 Level 1 a long staircase Level 2 Level 3 a potion shop Level 4 a general store, a fountain stairs to The Gnomish Mines The Gnomish Mines: levels 5 to 6 Level 5 stairs to The Dungeons of Doom Level 6 <- You were here History has recorded: On T:1 you entered the Dungeons of Doom to retrieve the Amulet of Yendor! On T:423 you reached level 2 of The Dungeons of Doom. On T:961 you advanced to experience level 2. On T:1008 you reached level 3 of The Dungeons of Doom. On T:1197 you advanced to experience level 3. On T:1347 you reached level 4 of The Dungeons of Doom. On T:1715 you reached level 1 of The Gnomish Mines. On T:1752 you advanced to experience level 4. On T:1979 you reached level 2 of The Gnomish Mines. On T:1987 you prayed to The Lady. On T:2007 you advanced to experience level 5. Score breakdown: Gold: 596 ( 59 points) Experience: 5 levels ( 400 points) Exploration: 6 levels ( 150 points) Discoveries: 15 items ( 750 points) Variety of kills: 21 monsters ( 1050 points) Major goal: (nothing yet) ( 0 points) Survival: died (score multiplied by 3) Total score: 7227 Latest messages: You displace Yermak. Yermak misses something. Something stings Yermak. The killer bee stings! You see here a scroll labeled XIXAXA XOXAXA XUXAXA. Yermak misses something. Something misses Yermak. Something stings Yermak. Yermak misses something. Something misses Yermak. You hit the killer bee. Yermak misses the killer bee. Something misses Yermak. The killer bee stings! Yermak misses the killer bee. Something misses Yermak. The killer bee stings! Yermak misses the killer bee. Something misses Yermak. The killer bee stings! The killer bee's sting was poisoned! You die... Final status: Aloha Tolliver Groat the Tourist, poisoned by a killer bee... You died in The Gnomish Mines on dungeon level 6 with 7227 points, and 601 pieces of gold, after 2092 moves. You were level 5 with a maximum of 41 hit points when you died.